AoeStats
← dashuaibi

Nomad

508417865Analyzed
4v4 RM · 10d ago on Sep 22, 2026· 51m 49s· 8 players
Game mode
Random Map
Map size
231×231
Population
200
Speed
Normal
Resources
Standard
Victory
Conquest
Starting age
Dark Age
Ending age
Imperial Age
RankedLock teamsTeams togetherTeam positionsShared explorationLock speedFull tech treeHidden civsTurbo modeCheats
Victory
Defeat
🇨🇳 Huns · China
1438
+14
🇦🇺 Wei · Australia
1354
+17
🇵🇱 Cumans · Poland
1332
+18
🇨🇳 Celts · China
1277
+21
🇻🇳 Britons · Vietnam
1412
-19
🇭🇰 Shu · Hong Kong SAR China
1384
-18
🇨🇳 Spanish · China
1364
-17
🇹🇼 Vietnamese · Taiwan
1347
-16
dashuaibi
4:47 Loom
14:41 Feudal Age
17:09 Double-Bit Axe
17:05 Horse Collar
17:27 Fishing Lines
20:00 Castle Age
20:15 Fletching
22:03 Padded Archer Armor
22:20 Bloodlines
22:12 Husbandry
26:31 Ballistics
27:28 Leather Archer Armor
29:34 Gold Mining
33:20 Imperial Age
31:42 Wheelbarrow
30:53 Town Watch
31:17 Stone Mining
33:00 Hand Cart
33:04 Masonry
34:04 Stone Shaft Mining
35:18 Chemistry
34:53 Ring Archer Armor
35:12 Scale Barding Armor
36:31 Conscription
35:54 Elite Conquistador
37:56 Architecture
39:54 Chain Barding Armor
43:13 Plate Barding Armor
50:20 Bodkin Arrow
51:31 Murder Holes
51:49 Fortified Wall
fox0503
4:55 Loom
15:22 Feudal Age
21:41 Castle Age
20:03 Double-Bit Axe
20:11 Fletching
20:25 Fishing Lines
21:46 Padded Archer Armor
22:23 Bodkin Arrow
22:40 Bow Saw
23:03 Leather Archer Armor
24:52 Horse Collar
25:27 Squires
28:08 Ballistics
31:12 Thumb Ring
32:15 Murder Holes
39:02 Imperial Age
37:27 Pikeman
38:09 Scale Mail Armor
38:55 Forging
38:47 Arson
39:19 Chain Mail Armor
39:22 Heavy Plow
40:13 Halberdier
mryendl2410
4:56 Loom
14:12 Feudal Age
18:13 Castle Age
17:49 Double-Bit Axe
18:20 Fletching
19:21 Bow Saw
18:57 Crossbowman
20:35 Bodkin Arrow
22:35 Padded Archer Armor
25:25 Wheelbarrow
26:10 Leather Archer Armor
25:58 Horse Collar
26:09 Gold Mining
27:20 Ballistics
28:16 Town Watch
32:59 Imperial Age
30:39 Heavy Plow
33:42 Bracer
33:03 Arbalester
33:45 Pikeman
34:27 Scale Mail Armor
35:57 Squires
37:47 Ring Archer Armor
39:17 Chemistry
38:28 Forging
39:29 Chain Mail Armor
40:04 Iron Casting
40:56 Halberdier
44:17 Plate Mail Armor
45:17 Blast Furnace
45:51 Two-Man Saw
45:31 Elite Skirmisher
46:31 Imperial Skirmisher
48:12 Hand Cart
{duress} Lendon
8:26 Loom
8:44 Loom
11:55 Feudal Age
12:40 Double-Bit Axe
14:57 Fletching
20:50 Castle Age
19:18 Padded Archer Armor
20:20 Gold Mining
20:54 Crossbowman
21:39 Thumb Ring
21:53 Bodkin Arrow
22:13 Leather Archer Armor
24:58 Wheelbarrow
24:09 Town Watch
28:50 Imperial Age
27:24 Ballistics
27:55 Leather Archer Armor
29:19 Arbalester
31:08 Hand Cart
30:39 Town Watch
31:57 Bracer
Dawidowww
10:42 Loom
13:01 Feudal Age
13:58 Double-Bit Axe
15:10 Horse Collar
23:02 Castle Age
21:54 Wheelbarrow
24:58 Hand Cart
25:44 Heavy Plow
25:57 Bow Saw
28:26 Bloodlines
31:18 Imperial Age
29:47 Scale Barding Armor
30:36 Forging
32:13 Chain Barding Armor
32:30 Iron Casting
31:36 Cavalier
34:25 Plate Barding Armor
35:14 Blast Furnace
35:00 Paladin
38:49 Coinage
38:58 Fletching
40:34 Banking
41:14 Bodkin Arrow
43:59 Chemistry
43:02 Scale Mail Armor
44:31 Ballistics
45:30 Light Cavalry
48:00 Chain Mail Armor
49:01 Hussar
50:48 Masonry
Vinkz
3:57 Loom
14:18 Feudal Age
18:24 Castle Age
16:35 Town Watch
16:38 Double-Bit Axe
16:35 Horse Collar
19:21 Fletching
20:06 Bow Saw
20:26 Bodkin Arrow
23:15 Scale Barding Armor
23:21 Forging
26:12 Wheelbarrow
31:01 Chain Barding Armor
33:30 Gold Mining
33:31 Stone Mining
35:29 Husbandry
35:49 Bloodlines
36:07 Tuntian
36:53 Hand Cart
38:01 Iron Casting
42:14 Imperial Age
41:38 Padded Archer Armor
41:28 Elite Skirmisher
42:45 Leather Archer Armor
43:21 Gold Shaft Mining
43:22 Stone Shaft Mining
43:47 Conscription
45:08 Ming Guang Armor
45:17 Ming Guang Armor
45:58 Chemistry
45:18 Ballistics
45:59 Bracer
47:13 Ring Archer Armor
48:38 Hoardings
48:31 Elite Tiger Cavalry
51:01 Blast Furnace
米兰的小歌迷
5:00 Loom
14:06 Feudal Age
17:41 Castle Age
15:52 Double-Bit Axe
16:56 Fletching
17:25 Gold Mining
18:29 Padded Archer Armor
20:03 Bow Saw
20:17 Gold Mining
26:06 Bodkin Arrow
32:27 Wheelbarrow
35:01 Hand Cart
35:08 Fishing Lines
35:33 Town Watch
36:37 Gold Mining
38:59 Gold Shaft Mining
38:26 Horse Collar
43:26 Imperial Age
41:45 Heavy Plow
42:05 Thumb Ring
42:15 Gillnets
42:58 Ballistics
43:07 Leather Archer Armor
43:37 Bloodlines
43:28 Husbandry
44:08 Bracer
44:41 Heavy Cavalry Archer
45:47 Parthian Tactics
46:21 Light Cavalry
48:31 Hussar
49:21 Scale Barding Armor
49:26 Forging
50:49 Chain Barding Armor
51:20 Conscription
菜菜的菜菜
4:54 Loom
14:12 Feudal Age
18:37 Castle Age
16:30 Double-Bit Axe
17:15 Horse Collar
17:29 Stone Mining
18:58 Town Watch
20:41 Bow Saw
20:37 Heavy Plow
22:43 Fletching
30:22 Ballistics
32:12 Wheelbarrow
35:42 Imperial Age
33:56 Masonry
33:43 Murder Holes
34:44 Bodkin Arrow
34:51 Scale Mail Armor
36:54 Conscription
45:18 Elite Skirmisher
48:10 Padded Archer Armor
48:26 Chain Mail Armor
48:21 Forging
49:31 Stone Shaft Mining
49:01 Pikeman
50:09 Hand Cart
50:28 Plate Mail Armor
50:14 Leather Archer Armor
52:18 Chemistry
50:59 Treadmill Crane
51:39 Halberdier
52:05 Arson
Connection lost

Rejoining the realm…

Still unreachable

The connection could not be restored.

Session expired

The server has moved on; the page needs a fresh start.